 Dungeon Crawl Stone Soup version 0.31-a0-222-gefeffbb62a (webtiles) character file.

Game seed: 10839985084697048231

14651 qw the Skirmisher (level 12, -5/75 HPs)
             Began as a Gargoyle Hexslinger on July 4, 2023.
             Was an Elder of Okawaru.
             Slain by a yak (10 damage)
             ... on level 11 of the Dungeon.
             The game lasted 00:10:11 (11771 turns).

qw the Skirmisher (Gargoyle Hexslinger)            Turns: 11771, Time: 00:10:12

Health: -5/75      AC: 28    Str: 18    XL:     12   Next: 18%
Magic:  14/15      EV: 17    Int: 15    God:    Okawaru [****..]
Gold:   367        SH:  0    Dex: 16    Spells: 12/13 levels left

rFire   + + +        Y - +0 orcbow
rCold   . . .        (shield currently unavailable)
rNeg    + . .        d - +2 steam dragon scales
rPois   inf          i - +1 helmet
rElec   +            (no cloak)
rCorr   .            k - +1 pair of gloves of Lieh {rF++}
SInv    .            a - +1 pair of boots
Will    .....        p - amulet of faith
Stlth   +++          c - ring of protection from fire
HPRegen 0.32/turn    o - +6 ring of strength
MPRegen 0.14/turn

%: faith
@: about to teleport, heroic
A: sickness immunity, AC +8, negative energy resistance 1, electricity
resistance, torment resistance 1, petrification resistance
a: Renounce Religion, Heroism, Finesse


You were on level 11 of the Dungeon.
You worshipped Okawaru.
Okawaru was greatly pleased with you.
You visited 3 branches of the dungeon, and saw 13 of its levels.

You collected 660 gold pieces.
You spent 293 gold pieces at shops.


Innate Abilities, Weirdness & Mutations

You are immune to sickness and miasma.
Your stone body is resilient. (AC +8)
You are immune to poison.
You resist negative energy. (rN+)
You are resistant to electric shocks. (rElec)
You are resistant to unholy torment.
You are immune to petrification.


   Skills:
 + Level 8.9(13.9) Fighting
 - Level 13.0(18.0) Ranged Weapons
 - Level 12.8(17.8) Armour
 - Level 4.0(9.0) Dodging
 - Level 1.0 Spellcasting
 - Level 2.6 Hexes
 + Level 4.8 Invocations


You had 12 spell levels left.
You knew the following spells:

 Your Spells              Type           Power      Damage    Failure   Level
a - Slow                  Hex            32%        N/A       9%          1

Your spell library contained the following spells:

 Spells                   Type           Power      Damage    Failure   Level
 Inner Flame              Hex/Fire       4%         N/A       38%         3
 Portal Projectile        Hex/Tloc       8%         N/A       38%         3
 Cause Fear               Hex            4%         N/A       63%         4

Inventory:

Hand Weapons
 Y - a +0 orcbow (weapon)
Armour
 a - a +1 pair of boots (worn)
 b - a +2 pair of gloves
 d - +2 steam dragon scales (worn)
 i - a +1 helmet (worn)
 k - the +1 pair of gloves of Lieh (worn) {rF++}
   (You acquired it on level 7 of the Dungeon)

   rF:        It greatly protects you from fire.
Jewellery
 c - a ring of protection from fire (left hand)
 o - a +6 ring of strength (right hand)
 p - an amulet of faith (around neck)
 r - a ring of resist corrosion
Scrolls
 e - a scroll of identify
 f - 4 scrolls of teleportation
Potions
 g - a potion of might
 h - 3 potions of curing
 j - a potion of mutation {unknown}
 m - a potion of lignification {unknown}
 n - a potion of enlightenment {unknown}

Dungeon Overview and Level Annotations

Branches:
Dungeon (11/15)            Temple (1/1) D:6            Lair (1/5) D:11
    Orc (0/2) D:9

Altars:
Ashenzari
Cheibriados
Dithmenos
Elyvilon
Fedhas
Gozag
Hepliaklqana
Kikubaaqudgha
Makhleb
Nemelex Xobeh
Okawaru
Qazlal
Ru
Sif Muna
Trog
Uskayaw
Vehumet
Wu Jian
Xom
Yredelemnul
Zin
The Shining One

Shops:
D:6 *   D:7 **:   D:9 =


Message History

You shoot an arrow. The arrow hits the yak.
The yak is almost dead.
The komodo dragon bites you!
11763 ||| STAIRDANCE The bullfrog barely misses you.
The yak misses you. The yak gores you but does no damage.
The yak closely misses you. The yak barely misses you.
The yak gores you but does no damage.
The komodo dragon bites you but does no damage.
You climb upwards.
Welcome back to the Dungeon!
There is a staircase to the Lair here.
You shoot an arrow. The arrow hits the yak!
You kill the yak!
Okawaru accepts your kill.
You can now speed up your combat.
The bullfrog misses you. The yak gores you but does no damage.
You shoot an arrow. The arrow hits the yak!
The yak is moderately wounded.
The bullfrog hits you. The komodo dragon bites you! The yak misses you.
The yak gores the fungus.
The fungus begins to die.
The yak gores you but does no damage. x2
You shoot an arrow. The arrow hits the yak!
The yak is heavily wounded.
The bullfrog hits you but does no damage.
The komodo dragon barely misses you. The bullfrog barely misses you.
You shoot an arrow. The arrow hits the yak.
The yak is heavily wounded.
The yak gores you but does no damage. x3; The yak gores the fungus!!
The bullfrog hits you but does no damage.
You shoot an arrow. The arrow barely misses the yak.
The komodo dragon closely misses you. The bullfrog barely misses you.
The yak gores you but does no damage.
The yak gores the fungus!
The yak barely misses you. The yak closely misses you.
You shoot an arrow. The arrow hits the yak!
You kill the yak!
Okawaru accepts your kill. The bullfrog barely misses you.
The komodo dragon bites you!!
11771 ||| READING 5 scrolls of teleportation.
As you read the scroll of teleportation, it crumbles to dust.
You feel strangely unstable.
A nearby fungus withers and dies.
The yak closely misses you. The yak gores you!
You die...

............#..P.P..###
####..#
..........#.P....P....###
#..#
...........P...PP..P....##
##.#
#.........P.PP...P..P..P)#
#..
####..#.P..PPPP.PP.....PP###
##.
##.....P.P..PP.P..PP....## #.
#.....PP...PPP.P...P.P..####.
#....PP.P.PlF%.PPP.P.....##..
##...PPP.P.P@Y.P.......#.#...
#.P......PYPPP....P.P.#.....
#..P.PPPP.Y.P.PP.P....##....
##P...PPP..P..P.PP....##.(..
#P..P.PP...PP....P...###...
##..P.PPPPP..P.....#.# #...
#..#...PPPP.........# #...
#..###.......#.....## #...
##.###.?.####..<....####..


You could see a komodo dragon, 3 yaks and a bullfrog.

Vanquished Creatures
  A boulder beetle (D:11)
  A death knight (D:9)
  A cyclops (D:9)
  A gargoyle (D:11)
  2 komodo dragons
  An unseen horror (D:11)
  A kobold demonologist (D:9)
  Maggie (D:6)
  3 trolls (D:10)
  Grinder (D:5)
  3 hornets
  A slime creature (D:9)
  4 shadows
  7 yaks
  2 steam dragons
  Menkaure (D:5)
  An acid dragon (D:11)
  5 water moccasins
  3 sky beasts
  5 black bears
  3 orc warriors
  2 ice beasts (D:6)
  2 centaurs
  A phantom (D:5)
  4 kobold brigands
  Blork the orc (D:4)
  2 gnoll sergeants
  5 bullfrogs
  3 scorpions
  32 wights
  10 killer bees
  12 howler monkeys
  5 hounds
  5 jellies
  4 sleepcaps
  9 orc priests
  2 iguanas
  Ijyb (D:3)
  5 orc wizards
  10 gnolls
  10 adders
  A shadow imp (D:6)
  3 worms
  6 dart slugs
  27 orcs
  2 bats (D:2)
  2 bat zombies (D:6)
  8 endoplasms
  2 giant cockroaches
  5 goblins
  6 hobgoblins
  2 jackals (D:4)
  23 kobolds
  5 quokkas
  17 ball pythons
  3 frilled lizards (D:1)
  6 rats
  A rat zombie (D:6)
292 creatures vanquished.

Notes
Turn   | Place    | Note
-------+----------+-------------------------------------------
     0 | D:1      | qw the Gargoyle Hexslinger began the quest for the Orb.
     0 | D:1      | Reached XP level 1. HP: 12/12 MP: 2/2
     0 | D:1      | 0 ||| qw: Version: 0.3-a-41-g9d075ac
     0 | D:1      | 0 ||| qw: Game counter: 846
     0 | D:1      | 0 ||| qw: Melee chars always use a shield: true
     0 | D:1      | 0 ||| qw: God list: Okawaru
     0 | D:1      | 0 ||| qw: Allow faded altars: false
     0 | D:1      | 0 ||| qw: Do Orc after clearing Dungeon:15 true
     0 | D:1      | 0 ||| qw: Do second Lair branch before Depths: true
     0 | D:1      | 0 ||| qw: Lair rune preference: random
     0 | D:1      | 0 ||| qw: Goals: Normal
     0 | D:1      | 0 ||| PLANNING D:1-11
    65 | D:1      | Reached XP level 2. HP: 16/16 MP: 3/3
   199 | D:1      | Reached skill level 3 in Ranged Weapons
   369 | D:1      | Reached XP level 3. HP: 21/21 MP: 4/4
   478 | D:1      | 478 ||| Stepping ~*~*~tactically~*~*~ (outnumbered).
   480 | D:1      | 480 ||| Stepping ~*~*~tactically~*~*~ (outnumbered).
   482 | D:1      | 482 ||| Stepping ~*~*~tactically~*~*~ (outnumbered).
   664 | D:1      | Found a faded altar of an unknown god.
   799 | D:1      | 799 ||| UPGRADING to +0 leather armour.
   809 | D:1      | 809 ||| DROPPING +0 robe.
   810 | D:1      | 810 ||| UPGRADING to +0 ring mail.
   820 | D:1      | 820 ||| DROPPING +0 leather armour.
   821 | D:1      | 821 ||| READING scroll labelled IMUCUU PIELUT.
   822 | D:1      | 822 ||| READING scroll labelled UCALOV NUWK.
   823 | D:1      | 823 ||| READING scroll labelled ODWOAF IRGHUENA.
   824 | D:1      | 824 ||| READING scroll labelled XEENOJ JATRENA.
   825 | D:1      | 825 ||| READING scroll labelled ZEETAS SACSIUNEG.
   826 | D:1      | 826 ||| DROPPING scroll of poison.
   895 | D:2      | 895 ||| STAIRDANCE
   925 | D:2      | 925 ||| FLEEEEING.
   929 | D:2      | 929 ||| FLEEEEING.
   930 | D:2      | 930 ||| FLEEEEING.
   931 | D:2      | 931 ||| FLEEEEING.
   934 | D:2      | 934 ||| STAIRDANCE
  1124 | D:2      | Reached XP level 4. HP: 13/26 MP: 5/5
  1249 | D:2      | Reached skill level 4 in Ranged Weapons
  1264 | D:2      | Reached skill level 1 in Armour
  1728 | D:2      | 1728 ||| UPGRADING to +1 pair of gloves.
  1733 | D:2      | 1733 ||| READING 2 scrolls labelled RURCHINW DURAGA.
  1734 | D:2      | 1734 ||| READING scroll of enchant weapon.
  1734 | D:2      | 1734 ||| ENCHANTING +2 sling.
  1735 | D:2      | 1735 ||| READING scroll labelled OWIPNE XAJUVY.
  1736 | D:2      | 1736 ||| READING scroll labelled KOYSCH ODEER.
  1737 | D:2      | 1737 ||| READING scroll labelled ABURPH BATTYW.
  1738 | D:2      | 1738 ||| DRINKING 2 fizzy green potions.
  1747 | D:3      | Reached XP level 5. HP: 30/30 MP: 6/6
  1906 | D:3      | Noticed Ijyb
  1909 | D:3      | Paralysed by Ijyb for 5 turns
  1941 | D:3      | Killed Ijyb
  1942 | D:3      | Reached skill level 5 in Ranged Weapons
  2022 | D:3      | 2022 ||| READING scroll of enchant armour.
  2022 | D:3      | 2022 ||| ENCHANTING +1 pair of gloves.
  2172 | D:3      | 2172 ||| READING scroll labelled EQIFOASHEGG.
  2173 | D:3      | 2173 ||| READING scroll labelled EGIUZOELIEG.
  2174 | D:3      | 2174 ||| READING 2 scrolls of identify.
  2174 | D:3      | 2174 ||| IDENTIFYING fizzy purple potion
  2175 | D:3      | 2175 ||| DROPPING potion of invisibility.
  2195 | D:4      | 2195 ||| STAIRDANCE
  2291 | D:4      | Found a bloodstained altar of Trog.
  2291 | D:4      | Found a burning altar of Makhleb.
  2292 | D:4      | Noticed Blork the orc
  2293 | D:4      | 2293 ||| FLEEEEING.
  2294 | D:4      | 2294 ||| FLEEEEING.
  2295 | D:4      | 2295 ||| FLEEEEING.
  2296 | D:4      | 2296 ||| FLEEEEING.
  2314 | D:4      | HP: 6/31 [Blork the orc/puff of frost (11)]
  2315 | D:4      | 2315 ||| DRINKING 3 potions of heal wounds.
  2316 | D:4      | Killed Blork the orc
  2317 | D:4      | Reached skill level 3 in Fighting
  2317 | D:4      | Reached XP level 6. HP: 31/37 MP: 7/7
  2643 | D:4      | You fall into a shaft and drop 2 floors!
  2674 | D:6      | 2674 ||| UPGRADING to +2 robe of willpower.
  2684 | D:6      | 2684 ||| DROPPING +0 ring mail.
  2685 | D:6      | 2685 ||| UPGRADING to ring of protection from fire.
  2686 | D:6      | 2686 ||| READING 3 scrolls labelled TEPU ZIOTWUNK.
  2690 | D:6      | 2690 ||| READING 2 scrolls of identify.
  2690 | D:6      | 2690 ||| IDENTIFYING clear potion
  2691 | D:6      | 2691 ||| DROPPING potion of berserk rage.
  2692 | D:6      | 2692 ||| Stepping randomly (stuck).
  2693 | D:6      | 2693 ||| Stepping randomly (stuck).
  2693 | D:6      | Noticed a black bear
  2694 | D:6      | Noticed an ice beast
  2702 | D:6      | Killed a black bear
  2703 | D:6      | Reached skill level 6 in Ranged Weapons
  2709 | D:6      | HP: 1/37 [ice beast (14)]
  2710 | D:6      | 2710 ||| READING 2 scrolls of teleportation.
  2711 | D:6      | 2711 ||| DRINKING 2 potions of heal wounds.
  2713 | D:6      | Killed an ice beast
  2714 | D:6      | Reached XP level 7. HP: 28/44 MP: 8/8
  2787 | D:5      | Entered Level 5 of the Dungeon
  2787 | D:5      | Noticed Grinder
  2809 | D:5      | Killed Grinder
  2810 | D:5      | Reached skill level 7 in Ranged Weapons
  2910 | D:5      | 2910 ||| Stepping ~*~*~tactically~*~*~ (outnumbered).
  2924 | D:5      | Reached XP level 8. HP: 31/48 MP: 9/9
  3405 | D:5      | Noticed Menkaure
  3408 | D:5      | Reached skill level 8 in Ranged Weapons
  3423 | D:5      | Killed Menkaure
  3563 | D:5      | 3563 ||| FLEEEEING.
  3566 | D:5      | 3566 ||| FLEEEEING.
  3567 | D:5      | 3567 ||| FLEEEEING.
  3569 | D:5      | 3569 ||| FLEEEEING.
  3570 | D:5      | 3570 ||| FLEEEEING.
  3571 | D:5      | 3571 ||| FLEEEEING.
  3572 | D:5      | 3572 ||| FLEEEEING.
  3573 | D:5      | 3573 ||| FLEEEEING.
  3574 | D:5      | 3574 ||| FLEEEEING.
  3575 | D:5      | 3575 ||| FLEEEEING.
  3579 | D:5      | 3579 ||| FLEEEEING.
  3580 | D:5      | 3580 ||| FLEEEEING.
  3581 | D:5      | 3581 ||| FLEEEEING.
  3582 | D:5      | 3582 ||| FLEEEEING.
  3583 | D:5      | 3583 ||| FLEEEEING.
  3584 | D:5      | 3584 ||| FLEEEEING.
  3585 | D:5      | 3585 ||| FLEEEEING.
  3586 | D:5      | 3586 ||| FLEEEEING.
  3587 | D:5      | 3587 ||| STAIRDANCE
  3705 | D:5      | 3705 ||| STAIRDANCE
  3706 | D:4      | Found a sacrificial altar of Ru.
  3879 | D:5      | Found a stormy altar of Qazlal.
  4083 | D:5      | Reached skill level 9 in Ranged Weapons
  4243 | D:5      | 4243 ||| UPGRADING to +0 helmet.
  4248 | D:5      | 4248 ||| UPGRADING to +3 ring mail.
  4258 | D:5      | 4258 ||| DROPPING +2 robe of willpower.
  4259 | D:5      | 4259 ||| READING scroll of enchant armour.
  4259 | D:5      | 4259 ||| ENCHANTING +0 helmet.
  4260 | D:5      | 4260 ||| UPGRADING to +6 ring of strength.
  4261 | D:5      | 4261 ||| READING 2 scrolls of identify.
  4261 | D:5      | 4261 ||| IDENTIFYING bubbling purple potion
  4262 | D:5      | 4262 ||| DRINKING potion of experience.
  4262 | D:5      | Reached skill level 12 in Armour
  4262 | D:5      | Reached XP level 9. HP: 54/54 MP: 10/10
  4339 | D:6      | Found Domar's Assorted Antiques.
  4351 | D:6      | 4351 ||| BUYING orange potion (23 gold).
  4351 | D:6      | Bought an orange potion for 23 gold pieces
  4351 | D:6      | 4351 ||| BUYING pair of runed boots (195 gold).
  4351 | D:6      | Bought a pair of runed boots for 195 gold pieces
  4351 | D:6      | 4351 ||| BUYING scroll of identify (52 gold).
  4351 | D:6      | Bought a scroll of identify for 52 gold pieces
  4351 | D:6      | 4351 ||| SHOPLISTING scroll of teleportation (78 gold, have
                  | 52).
  4351 | D:6      | 4351 ||| BUYING sedimented blue potion (23 gold).
  4351 | D:6      | Bought a sedimented blue potion for 23 gold pieces
  4409 | D:6      | Reached skill level 6 in Fighting
  4811 | D:6      | Reached XP level 10. HP: 57/60 MP: 11/11
  4832 | D:6      | Noticed Maggie
  4850 | D:6      | 4850 ||| READING 3 scrolls of teleportation.
  4851 | D:6      | 4851 ||| UPGRADING to +1 pair of boots.
  4851 | D:6      | 4851 ||| UPGRADING to amulet of faith.
  4851 | D:6      | 4851 ||| PLANNING D:1-11
  4851 | D:6      | 4851 ||| UPGRADING to +1 pair of boots.
  4851 | D:6      | 4851 ||| UPGRADING to amulet of faith.
  4851 | D:6      | 4851 ||| PLANNING D:1-11
  4851 | D:6      | 4851 ||| UPGRADING to +1 pair of boots.
  4851 | D:6      | 4851 ||| UPGRADING to amulet of faith.
  4851 | D:6      | Upgraded the game from 0.31-a0-221-gbddc013574 to
                  | 0.31-a0-222-gefeffbb62a
  4851 | D:6      | 4851 ||| PLANNING D:1-11
  4851 | D:6      | 4851 ||| UPGRADING to +1 pair of boots.
  4851 | D:6      | 4851 ||| UPGRADING to amulet of faith.
  4851 | D:6      | 4851 ||| PLANNING D:1-11
  4851 | D:6      | 4851 ||| FLEEEEING.
  4852 | D:6      | 4852 ||| FLEEEEING.
  4853 | D:6      | 4853 ||| FLEEEEING.
  4937 | D:6      | Found a staircase to the Ecumenical Temple.
  4938 | D:6      | 4938 ||| PLANNING TEMPLE
  4938 | D:6      | 4938 ||| UPGRADING to +1 pair of boots.
  4943 | D:6      | 4943 ||| DROPPING +1 pair of boots.
  4944 | D:6      | 4944 ||| UPGRADING to amulet of faith.
  4949 | D:6      | 4949 ||| DRINKING 2 orange potions.
  4950 | D:6      | 4950 ||| READING 2 scrolls of identify.
  4950 | D:6      | 4950 ||| IDENTIFYING sedimented blue potion
  4951 | D:6      | 4951 ||| DROPPING potion of attraction.
  4960 | Temple   | Entered the Ecumenical Temple
  4960 | Temple   | Found a transporter.
  4960 | Temple   | Found a transporter.
  4962 | Temple   | Found a transporter.
  4962 | Temple   | Found a transporter.
  4972 | Temple   | 4972 ||| PLANNING D:1-11
  4987 | Temple   | 4987 ||| PLANNING OKAWARU WORSHIP
  4990 | Temple   | Became a worshipper of Warmaster Okawaru
  4991 | Temple   | 4991 ||| PLANNING D:1-11
  5146 | D:6      | Found an ancient bone altar of Kikubaaqudgha.
  5224 | D:6      | 5224 ||| FLEEEEING.
  5225 | D:6      | 5225 ||| FLEEEEING.
  5226 | D:6      | 5226 ||| FLEEEEING.
  5230 | D:6      | HP: 8/60 [Maggie/bolt of fire (12)]
  5231 | D:6      | 5231 ||| READING 2 scrolls of teleportation.
  5231 | D:6      | HP: 1/60 [Maggie/bolt of fire (7)]
  5232 | D:6      | 5232 ||| DRINKING potion of heal wounds.
  5376 | D:6      | Killed Maggie
  5377 | D:6      | Reached skill level 10 in Ranged Weapons
  5481 | D:6      | Reached * piety under Okawaru
  5485 | D:6      | 5485 ||| INVOKING Heroism.
  5634 | D:6      | 5634 ||| UPGRADING to +2 steam dragon scales.
  5644 | D:6      | 5644 ||| DROPPING +3 ring mail.
  5804 | D:7      | Reached skill level 1 in Invocations
  5816 | D:7      | 5816 ||| INVOKING Heroism.
  5857 | D:7      | 5857 ||| FLEEEEING.
  5858 | D:7      | 5858 ||| FLEEEEING.
  5923 | D:7      | 5923 ||| INVOKING Heroism.
  6113 | D:7      | Found Luubaf's Book Emporium.
  6424 | D:7      | Reached skill level 3 in Dodging
  6446 | D:7      | Found Rijihia's Specific Store.
  6448 | D:7      | Found Tofec's General Store.
  6453 | D:7      | 6453 ||| SHOPLISTING potion of mutation (96 gold, have 89).
  6671 | D:7      | 6671 ||| READING scroll labelled HOLATTO SANN.
  6671 | D:7      | Identified a scroll of acquirement
  6671 | D:7      | 6671 ||| ACQUIRING +1 pair of gloves of Lieh {rF++}
  6671 | D:7      | Acquired the +1 pair of gloves of Lieh {rF++}
  6673 | D:7      | 6673 ||| UPGRADING to +1 pair of gloves of Lieh {rF++}.
  6683 | D:7      | 6683 ||| READING 2 scrolls of identify.
  6683 | D:7      | 6683 ||| IDENTIFYING lumpy yellow potion
  6811 | D:8      | 6811 ||| INVOKING Heroism.
  6897 | D:8      | 6897 ||| Stepping ~*~*~tactically~*~*~ (outnumbered).
  6899 | D:8      | 6899 ||| Stepping ~*~*~tactically~*~*~ (outnumbered).
  6927 | D:8      | Reached skill level 3 in Invocations
  7014 | D:8      | 7014 ||| Stepping ~*~*~tactically~*~*~ (outnumbered).
  7019 | D:8      | 7019 ||| Stepping ~*~*~tactically~*~*~ (outnumbered).
  7078 | D:8      | 7078 ||| FLEEEEING.
  7079 | D:8      | 7079 ||| FLEEEEING.
  7088 | D:8      | 7088 ||| FLEEEEING.
  7089 | D:8      | 7089 ||| FLEEEEING.
  7090 | D:8      | 7090 ||| FLEEEEING.
  7094 | D:8      | 7094 ||| FLEEEEING.
  7095 | D:8      | 7095 ||| FLEEEEING.
  7096 | D:8      | 7096 ||| FLEEEEING.
  7097 | D:8      | 7097 ||| FLEEEEING.
  7098 | D:8      | 7098 ||| FLEEEEING.
  7099 | D:8      | 7099 ||| FLEEEEING.
  7100 | D:8      | 7100 ||| FLEEEEING.
  7101 | D:8      | 7101 ||| FLEEEEING.
  7102 | D:8      | 7102 ||| FLEEEEING.
  7103 | D:8      | 7103 ||| FLEEEEING.
  7104 | D:8      | 7104 ||| FLEEEEING.
  7234 | D:8      | Reached ** piety under Okawaru
  7290 | D:8      | 7290 ||| READING scroll of brand weapon.
  7290 | D:8      | 7290 ||| BRANDING +3 sling of flaming.
  7415 | D:8      | 7415 ||| INVOKING Heroism.
  7474 | D:8      | 7474 ||| INVOKING Heroism.
  7487 | D:8      | Noticed a catoblepas
  7487 | D:8      | 7487 ||| Stepping ~*~*~tactically~*~*~ (outnumbered).
  7489 | D:8      | 7489 ||| INVOKING Heroism.
  7492 | D:8      | 7492 ||| PLANNING D:1-11
  7499 | D:8      | HP: 12/63 [catoblepas (10)]
  7500 | D:8      | 7500 ||| READING 5 scrolls of teleportation.
  7527 | D:8      | 7527 ||| INVOKING Heroism.
  7530 | D:8      | 7530 ||| READING 4 scrolls of teleportation.
  7530 | D:8      | HP: 11/63 [bullfrog (4)]
  7533 | D:8      | Reached XP level 11. HP: 13/67 MP: 11/14
  7600 | D:8      | 7600 ||| FLEEEEING.
  7601 | D:8      | 7601 ||| FLEEEEING.
  7602 | D:8      | 7602 ||| FLEEEEING.
  7603 | D:8      | 7603 ||| FLEEEEING.
  7645 | D:8      | 7645 ||| FLEEEEING.
  7646 | D:8      | 7646 ||| FLEEEEING.
  7724 | D:8      | 7724 ||| INVOKING Heroism.
  7868 | D:8      | 7868 ||| DROPPING ring of flight.
  7869 | D:8      | 7869 ||| DROPPING ring of wizardry.
  7870 | D:8      | 7870 ||| READING 2 scrolls of identify.
  7870 | D:8      | 7870 ||| IDENTIFYING emerald potion
  7871 | D:8      | 7871 ||| DROPPING potion of degeneration.
  7994 | D:9      | 7994 ||| INVOKING Heroism.
  7996 | D:9      | Noticed a soul eater
  7997 | D:9      | Reached skill level 11 in Ranged Weapons
  7998 | D:9      | Noticed a death knight
  8002 | D:9      | 8002 ||| Stepping ~*~*~tactically~*~*~ (outnumbered).
  8014 | D:9      | 8014 ||| INVOKING Heroism.
  8018 | D:9      | Killed a death knight
  8176 | D:9      | 8176 ||| INVOKING Heroism.
  8192 | D:9      | 8192 ||| INVOKING Heroism.
  8283 | D:9      | Found a staircase to the Orcish Mines.
  8285 | D:9      | 8285 ||| SWAPPING to +0 orcbow.
  8286 | D:9      | 8286 ||| DROPPING +3 heavy sling.
  8312 | D:9      | Noticed a cyclops
  8313 | D:9      | 8313 ||| INVOKING Heroism.
  8322 | D:9      | Killed a cyclops
  8465 | D:9      | Noticed a death knight
  8476 | D:9      | 8476 ||| INVOKING Heroism.
  8480 | D:9      | HP: 14/68 [death knight/+3 great mace (29)]
  8481 | D:9      | 8481 ||| READING 4 scrolls of teleportation.
  8482 | D:9      | 8482 ||| DRINKING potion of heal wounds.
  8711 | D:9      | Found Ninumpi's Jewellery Shop.
  8717 | D:9      | 8717 ||| SHOPLISTING +4 ring of protection (540 gold, have
                  | 198).
  8717 | D:9      | 8717 ||| SHOPLISTING +5 ring of evasion (540 gold, have
                  | 198).
  8717 | D:9      | 8717 ||| SHOPLISTING amulet of regeneration (450 gold, have
                  | 198).
  8717 | D:9      | 8717 ||| SHOPLISTING ring of fire (375 gold, have 198).
  8717 | D:9      | 8717 ||| SHOPLISTING ring of see invisible (225 gold, have
                  | 198).
  8913 | D:9      | 8913 ||| Stepping ~*~*~tactically~*~*~ (outnumbered).
  8915 | D:9      | 8915 ||| Stepping ~*~*~tactically~*~*~ (outnumbered).
  8918 | D:9      | 8918 ||| Stepping ~*~*~tactically~*~*~ (outnumbered).
  8929 | D:9      | 8929 ||| FLEEEEING.
  8930 | D:9      | 8930 ||| FLEEEEING.
  9143 | D:9      | 9143 ||| DRINKING 2 coppery potions.
  9144 | D:9      | 9144 ||| READING 2 scrolls of identify.
  9144 | D:9      | 9144 ||| IDENTIFYING bubbling silvery potion
  9145 | D:9      | 9145 ||| DROPPING potion of brilliance.
  9146 | D:9      | 9146 ||| DROPPING potion of ambrosia.
  9155 | D:10     | Entered Level 10 of the Dungeon
  9277 | D:10     | 9277 ||| INVOKING Heroism.
  9307 | D:10     | 9307 ||| INVOKING Heroism.
  9397 | D:10     | 9397 ||| FLEEEEING.
  9505 | D:10     | Reached skill level 12 in Ranged Weapons
  9527 | D:10     | 9527 ||| FLEEEEING.
  9534 | D:10     | 9534 ||| STAIRDANCE
  9595 | D:10     | Reached *** piety under Okawaru
  9644 | D:10     | 9644 ||| INVOKING Heroism.
  9911 | D:10     | 9911 ||| INVOKING Heroism.
 10010 | D:10     | 10010 ||| INVOKING Heroism.
 10129 | D:10     | 10129 ||| READING scroll labelled YRATAZX YMAMECH.
 10206 | D:11     | 10206 ||| FLEEEEING.
 10211 | D:11     | 10211 ||| STAIRDANCE
 10371 | D:11     | Noticed a boulder beetle
 10372 | D:11     | 10372 ||| INVOKING Heroism.
 10405 | D:11     | 10405 ||| INVOKING Heroism.
 10411 | D:11     | Killed a boulder beetle
 10673 | D:11     | 10673 ||| INVOKING Heroism.
 10732 | D:11     | Reached **** piety under Okawaru
 10733 | D:11     | Reached XP level 12. HP: 71/73 MP: 15/15
 10736 | D:11     | 10736 ||| INVOKING Heroism.
 10820 | D:11     | Reached skill level 13 in Ranged Weapons
 10849 | D:11     | Found a staircase to the Lair.
 11112 | D:11     | 11112 ||| DROPPING +1 hat.
 11113 | D:11     | 11113 ||| READING scroll labelled LEUHITSUAGO.
 11179 | D:11     | 11179 ||| INVOKING Heroism.
 11396 | D:11     | 11396 ||| Stepping randomly (disturbance).
 11622 | D:11     | 11622 ||| PLANNING LAIR
 11642 | Lair:1   | Entered Level 1 of the Lair of Beasts
 11648 | Lair:1   | 11648 ||| FLEEEEING.
 11649 | Lair:1   | 11649 ||| FLEEEEING.
 11650 | Lair:1   | 11650 ||| FLEEEEING.
 11651 | Lair:1   | 11651 ||| FLEEEEING.
 11652 | Lair:1   | 11652 ||| STAIRDANCE
 11756 | Lair:1   | 11756 ||| INVOKING Heroism.
 11763 | Lair:1   | 11763 ||| STAIRDANCE
 11770 | D:11     | HP: 5/75 [komodo dragon (18)]
 11771 | D:11     | 11771 ||| READING 5 scrolls of teleportation.
 11771 | D:11     | Slain by a yak

Levels and vault maps discovered:
D:1:      elethiomel_arrival_shortcut, layout_basic, basic_ecumenical_altar,
          lexackson_kobold_supper
D:2:      layout_loops_cross, serial_bayou_pond_e, minmay_misc_feat_nine_boxes,
          minmay_snake_closets
D:3:      layout_rooms, uniq_ijyb
D:4:      layout_cave_pods, nicolae_overflow_hidden_temple, uniq_blork_the_orc
D:5:      layout_rooms, lemuel_coloured_pillars_altar, minmay_misc_feat_doors,
          dreamdust_mushroom_princess, nicolae_concentric_dashed_squares_wild,
          minmay_fractal_squares_diagonal_5, uniq_grinder, uniq_menkaure
D:6:      layout_basic, lemuel_zombie_altar_kikubaaqudgha,
          minmay_temple_entry_slanted, serial_shops,
          nicolae_shop_overgrown_old_shop, minmay_between, uniq_maggie
D:7:      layout_layer_cave, serial_shops, nicolae_shop_stone, serial_glass,
          glass_columns_a, glass_columns_b, glass_columns_b, glass_columns_b,
          nicolae_specific_store
D:8:      cheibrodos_barr_body, layout_basic, minmay_misc_feat_room
D:9:      minmay_curly_fans, layout_irregular_city, david_orc_3, serial_shops,
          nicolae_shop_temple_entry_statues_fountains, small_statue_intersection
D:10:     layout_long_grid, corner_web_ring, columned_hall_lemuel
D:11:     layout_cave_pods, due_lair_maze_entry_diamond, minmay_puff
Temple:   hellmonk_temple_divided_pantheon
Lair:1:   layout_long_grid, chequers_serial_rivers_large_a,
          amcnicky_altar_lugonu_corruption

Skill      XL: |  1  2  3  4  5  6  7  8  9 10 11 12 |
---------------+-------------------------------------+-----
Ranged Weapons | 3 4 5 6 7 9 10 12 13 | 13.0
Fighting       | 2 3 4 5 6 7 8 |  8.9
Armour         | 1 12 | 12.8
Dodging        | 2 3 4 |  4.0
Invocations    | 4 |  4.8
Spellcasting   | |  1.0
Hexes          | |  2.6

Action                     |  1- 3 |  4- 6 |  7- 9 | 10-12 || total
---------------------------+-------+-------+-------+-------++-------
   Fire: Sling             |   125 |   213 |   206 |   539 ||  1083
         Orcbow            |       |       |       |   486 ||   486
 Invoke: Heroism           |       |       |       |    26 ||    26
    Use: Scroll            |     5 |    12 |     2 |    14 ||    33
         Potion            |       |     3 |     1 |     4 ||     8
 Armour: Robe              |     9 |    19 |    39 |       ||    67
         Ring mail         |    25 |    64 |    28 |    61 ||   178
         Steam dragon scal |       |       |       |   299 ||   299
         Skin              |       |       |       |     2 ||     2
  Dodge: Dodged            |    37 |   117 |    79 |   438 ||   671

Table legend:
 A = Non-vault XP
 B = Vault XP
 C = Vault XP percentage of total XP
 D = Non-vault monster count
 E = Vault monster count
 F = Vault count percentage of total count
                 A         B        C        D         E       F
            +---------+---------+-------+---------+---------+-------
      Total |   12108 |    6933 |  36.4 |     225 |      67 |  22.9
            +---------+---------+-------+---------+---------+-------
        D:1 |      44 |      10 |  18.5 |      22 |       8 |  26.7
        D:2 |      74 |      35 |  32.1 |      21 |       8 |  27.6
        D:3 |      31 |      36 |  53.7 |      10 |       1 |   9.1
        D:4 |     113 |      94 |  45.4 |      15 |       1 |   6.2
        D:5 |     522 |     724 |  58.1 |      16 |       7 |  30.4
        D:6 |    1675 |     537 |  24.3 |      28 |       8 |  22.2
        D:7 |    1122 |       0 |   0.0 |      21 |       0 |   0.0
        D:8 |    1978 |     960 |  32.7 |      36 |      11 |  23.4
        D:9 |    1317 |    2280 |  63.4 |      25 |      11 |  30.6
       D:10 |    2533 |       0 |   0.0 |      17 |       0 |   0.0
       D:11 |    2699 |    2257 |  45.5 |      14 |      12 |  46.2
            +---------+---------+-------+---------+---------+-------
